 Dungeon Crawl Stone Soup version 0.22-a0-402-ga933591 (webtiles) character file.

34 Kairos the Shield-Bearer (level 3, 19/19 HPs)
             Began as a Vine Stalker Fighter on May 7, 2018.
             Quit the game on level 1 of the Dungeon.
             The game lasted 00:00:57 (617 turns).

Kairos the Shield-Bearer (Vine Stalker Fighter)      Turns: 617, Time: 00:00:58

Health: 19/19      AC:  6    Str: 19    XL:     3   Next: 31%
Magic:  4/4        EV:  7    Int:  8    God:
Gold:   6          SH:  9    Dex: 13    Spells: 2/2 levels left

rFire    . . .     SeeInvis .   a - +0 war axe
rCold    . . .     Gourm    .   c - +0 shield
rNeg     . . .     Faith    .   b - +0 scale mail
rPois    .         Spirit   +   (no helmet)
rElec    .         Reflect  .   (no cloak)
rCorr    .         Harm     .   (no gloves)
MR       .....                  (no boots)
Stlth    ..........             (no amulet)
HPRegen  0.06/turn              (no ring)
MPRegen  0.09/turn              (no ring)

@: no status effects
A: fangs 2, magic shield, antimagic bite, no potion heal 3, rot immunity
a: no special abilities


You were on level 1 of the Dungeon.
You were not hungry.

You visited 1 branch of the dungeon, and saw 1 of its levels.

You collected 6 gold pieces.

Inventory:

Hand Weapons
 a - a +0 war axe (weapon)
Armour
 b - a +0 scale mail (worn)
 c - a +0 shield (worn)
Scrolls
 h - a scroll of teleportation
Potions
 d - a potion of might
Comestibles
 f - 3 rations


   Skills:
 + Level 2.9 Fighting
 + Level 2.3 Axes
 + Level 2.7 Armour
 + Level 3.0 Shields


You had 2 spell levels left.
You didn't know any spells.

Dungeon Overview and Level Annotations

Branches:
Dungeon (1/15)

Altars:


Innate Abilities, Weirdness & Mutations

You have extremely sharp teeth.
When hurt, damage is shared between your health and your magic reserves.
Your bite disrupts and absorbs the magic of your enemies.
Potions cannot restore your health.
You are immune to rotting.


Message History

Done exploring.
No target in view!
Done exploring.
Done exploring.
Done exploring.
There is a stone staircase leading down here.
As you read the scroll labeled CUZANE RUIRAARGH, it crumbles to dust.
You feel strangely unstable.
It was a scroll of teleportation.
As you read the scroll labeled AKESIT DANUCUH, it crumbles to dust.
It is a scroll of amnesia.
You feel forgetful for a moment.
As you read the scroll labeled MIKEET QEFYSO, it crumbles to dust.
It is a scroll of identify.
You don't have any unidentified items.
You stop descending the stairs.
Your surroundings suddenly seem different.
You open the door.
There is an open door here.
There is an escape hatch in the floor here.
Are you sure you want to abandon this character and quit the game? (Confirm with "yes".)

#.# # ##############.######
#..............#....#
#......######..#.##.#
#...)................
##########.......##....#.# #...#
#.......##......(
#...#######.####.##.#..#..
#........@..........#..#..
#...#..................#.#
#...#.####.#####.###......
########...#........#.#.###...#.#
.................................
##########.#.####.#.#...#.#..##.#
#....................#.#..##.#
#####.........##....#...#.#..##..
..# #.........##....#.#.#.#..##.#


There were no monsters in sight!

Vanquished Creatures
  2 dart slugs (D:1)
  A leopard gecko (D:1)
  A giant cockroach (D:1)
  4 goblins (D:1)
  2 hobgoblins (D:1)
  2 jackals (D:1)
  A ball python (D:1)
  5 bats (D:1)
  3 frilled lizards (D:1)
  5 kobolds (D:1)
  4 rats (D:1)
30 creatures vanquished.

Notes
Turn   | Place    | Note
-------+----------+-------------------------------------------
     0 | D:1      | Kairos the Vine Stalker Fighter began the quest for the Orb.
     0 | D:1      | Reached XP level 1. HP: 11/11 MP: 2/2
     6 | D:1      | Noticed an iguana
     6 | D:1      | Noticed a hog
     6 | D:1      | Noticed a worker ant
     8 | D:1      | Noticed a swamp drake
    52 | D:1      | Reached XP level 2. HP: 14/16 MP: 3/3
    58 | D:1      | Reached skill level 3 in Shields
   231 | D:1      | Reached XP level 3. HP: 19/19 MP: 4/4
   617 | D:1      | Quit the game

Vault maps used:
D:1:      onia_arrival_zoo_common

Skill      XL: |  1  2 |
---------------+-------+-----
Axes           | 2 |  2.3
Shields        | 3 |  3.0
Fighting       | |  2.9
Armour         | |  2.7

Action                   || total
-------------------------++-------
Melee: War axe           ||    79
       Bite              ||    22
  Use: Scroll            ||     3
Armor: Scale mail        ||    37
Dodge: Dodged            ||    28
Block: Shield            ||    38

Table legend:
 A = Spawn XP
 B = Non-spawn XP
 C = Spawn XP percentage of total XP
 D = Spawn monster count
 E = Non-spawn monster count
 F = Spawn count percentage of total count
 G = Total turns spent on level
                    A         B        C        D         E        F      G
               +---------+---------+-------+---------+---------+-------+---------
         Total |       0 |      49 |   0.0 |       0 |      30 |   0.0 |   617
               +---------+---------+-------+---------+---------+-------+---------
           D:1 |       0 |      49 |   0.0 |       0 |      30 |   0.0 |   617
               +---------+---------+-------+---------+---------+-------+---------
